 Dungeon Crawl Stone Soup version 0.29.1-1-gd02db6906a (webtiles) character file.

Game seed: 11355732149685707320

389 gzilladon the Chopper (level 6, -3/53 HPs)
             Began as a Minotaur Berserker on Sept 28, 2022.
             Was a Believer of Trog.
             Slain by a lemure (6 damage)
             ... led by Pikel
             ... on level 5 of the Dungeon.
             The game lasted 00:12:03 (3811 turns).

gzilladon the Chopper (Minotaur Berserker)          Turns: 3811, Time: 00:12:03

Health: -3/53      AC: 10    Str: 29    XL:     6   Next: 49%
Magic:  5/5        EV:  5    Int:  0    God:    Trog [**....]
Gold:   101        SH: 11    Dex: 10    Spells: 5/5 levels left

rFire   . . .      SeeInvis .   q - +7 hand axe "Syocwij" {vamp, *Rage +Blink rN+++ Int-4}
rCold   . . .      Faith    .   h - +0 tower shield
rNeg    + + +      Spirit   .   n - +0 chain mail
rPois   .          Reflect  .   (helmet restricted)
rElec   .          Harm     .   (no cloak)
rCorr   .          Rampage  .   (no gloves)
Will    .....      Rage     20% p - +0 pair of boots
Stlth   ..........              (no amulet)
HPRegen 0.17/turn               m - +6 ring of strength
MPRegen 0.09/turn               (no ring)

@: on berserk cooldown, slowed, lost intelligence, unable to read, very slow
A: horns 2, retaliatory headbutt
a: Renounce Religion, Evoke Blink, Berserk, Trog's Hand


You were on level 5 of the Dungeon.
You worshipped Trog.
Trog was pleased with you.
You visited 1 branch of the dungeon, and saw 5 of its levels.

You collected 101 gold pieces.

Inventory:

Hand Weapons
 a - a +0 hand axe
 q - the +7 hand axe "Syocwij" (weapon) {vamp, *Rage +Blink rN+++ Int-4}
   (You found it on level 4 of the Dungeon)

   It occasionally heals its wielder for a portion of the damage dealt when it
   wounds a living foe.
   Int:       It affects your intelligence (-4).
   rN:        It renders you almost immune to negative energy.
   +Blink:    It lets you blink.
   *Rage:     It berserks you when you make melee attacks (+20% chance).
Missiles
 g - 25 stones (quivered)
 s - 5 poisoned darts
Armour
 b - a +0 animal skin
 c - a +0 scale mail
 h - a +0 tower shield (worn)
 n - a +0 chain mail (worn)
 p - a +0 pair of boots (worn)
Jewellery
 m - a +6 ring of strength (left hand)
Scrolls
 d - 2 scrolls of magic mapping {unknown}
 e - a scroll of fear {unknown}
 f - 6 scrolls of identify {unknown}
 i - 2 scrolls of teleportation {unknown}
 k - a scroll of blinking {unknown}
 r - a scroll of summoning {unknown}
Potions
 j - a potion of lignification {unknown}
 l - a potion of degeneration {unknown}
 o - a potion of curing {unknown}
 t - 2 potions of might {unknown}


   Skills:
 + Level 4.4 Fighting
 * Level 6.8 Axes
 + Level 4.1 Armour
 + Level 3.1 Dodging
 + Level 0.2 Stealth
 + Level 2.1 Shields


You had 5 spell levels left.
You didn't know any spells.
Your spell library was empty.

Dungeon Overview and Level Annotations

Branches:
Dungeon (5/15)             Temple (0/1) D:4

Altars:
Dithmenos
Nemelex Xobeh
Trog
Zin
The Shining One

Shops:
D:1 *   D:4 :

Annotations:
D:5 Pikel


Innate Abilities, Weirdness & Mutations

You have a pair of horns on your head.
You reflexively headbutt those who attack you in melee.


Message History

You block the hound's attack.
A lemure comes into view.
An orc comes into view. It is wielding a +0 mace.
The hound bites you but does no damage. x2; You block Pikel's attack.
An orc wizard comes into view. It is wielding a +0 dagger.
You closely miss the hound.
The hound is almost dead.
The lemure shouts!
The orc wizard shouts!
You hit Pikel.
You hear a shout!
You block the hound's attack.
A lemure comes into view.
The hound bites you. You block Pikel's attack.
A lemure comes into view.
The hound bites you but does no damage.
Pikel hits you with a +1 whip of electrocution.
The lemure shouts!
You slash the hound!
You kill the hound!
Trog accepts your kill.
You closely miss Pikel. Pikel hits you but does no damage.
You are electrocuted!
Pikel barely misses you. The orc hits you with a +0 dagger.
A lemure comes into view.
Your Shields skill increases to level 2!
You hit the orc.
You feel better.
The orc is severely wounded.
You hit Pikel.
You feel better. You block the orc's attack.
Pikel hits you with a +1 whip of electrocution.
The orc hits you with a +0 dagger.
Pikel hits you with a +1 whip of electrocution.
You barely miss the orc. Your headbutt misses the orc.
The orc is severely wounded.
You hit the orc.
You feel better.
You barely miss Pikel. You block the orc's attack. Pikel barely misses you.
Pikel hits you with a +1 whip of electrocution!
You are electrocuted!
* * * LOW HITPOINT WARNING * * *
You block the orc's attack. The lemure hits you.
You die...

########
##<...<.##
##........##
#..........#
#..........#
#..........#
#..........#
#....o..)..#
##...@oo..##
.......5K...#
.##.....55...#
#....5.....#
#..........#
............#
###............
##.........#.


You could see Pikel, 4 lemures, an orc wizard and 2 orcs.

Vanquished Creatures
  A black bear (D:5)
  A hound (D:5)
  2 orc priests (D:3)
  An orc wizard (D:3)
  3 gnolls (D:3)
  3 river rats (D:3)
  5 adders
  3 worms
  A dart slug (D:4)
  12 orcs
  4 endoplasms
  6 giant cockroaches
  8 goblins
  6 hobgoblins
  2 ball pythons
  3 bats
  2 frilled lizards
  6 kobolds
  A rat (D:1)
70 creatures vanquished.

Notes
Turn   | Place    | Note
-------+----------+-------------------------------------------
     0 | D:1      | gzilladon the Minotaur Berserker began the quest for the
                  | Orb.
     0 | D:1      | Reached XP level 1. HP: 19/19 MP: 0/0
   131 | D:1      | Reached skill level 4 in Axes
   349 | D:1      | Reached XP level 2. HP: 27/27 MP: 1/1
   482 | D:1      | Found a faded altar of an unknown god.
   545 | D:1      | Found Lenkeg's General Store.
  1042 | D:2      | Reached XP level 3. HP: 30/33 MP: 2/2
  1094 | D:2      | Reached ** piety under Trog
  1156 | D:2      | Reached skill level 5 in Axes
  1540 | D:3      | Reached XP level 4. HP: 38/40 MP: 3/3
  1553 | D:3      | Reached skill level 1 in Shields
  1553 | D:3      | Reached XP level 5. HP: 10/47 MP: 4/4
  1742 | D:3      | Reached skill level 6 in Axes
  2051 | D:3      | Found a shadowy altar of Dithmenos.
  2422 | D:3      | Found a glowing golden altar of the Shining One.
  2646 | D:3      | Found a bloodstained altar of Trog.
  2945 | D:3      | Found a sparkling altar of Nemelex Xobeh.
  3044 | D:4      | Found a staircase to the Ecumenical Temple.
  3084 | D:4      | Found Otonony's Tremendous Tomes.
  3119 | D:4      | Identified the +7 hand axe "Syocwij" {vamp, *Rage +Blink
                  | rN+++ Int-4}
  3121 | D:4      | Lost intelligence.
  3611 | D:4      | Found a glowing silver altar of Zin.
  3613 | D:4      | Reached XP level 6. HP: 53/53 MP: 5/5
  3792 | D:5      | Entered Level 5 of the Dungeon
  3804 | D:5      | Noticed Pikel
  3811 | D:5      | Slain by a lemure

Illustrated notes

Levels and vault maps discovered:
D:1:      onia_arrival_pyramid, layout_basic, serial_shops, shop,
          hellmonk_ecumenical_altar_zigzags, minmay_misc_feat_cross
D:2:      layout_basic, fountainhead
D:3:      layout_loops_cross, mainiacjoe_overflow_boulevard,
          nemelex_diamond_rough_becter, mainiacjoe_overflow_tiny_flanked,
          trog_book, lightli_sewer_entry_pipes
D:4:      layout_loops_ring, mainiacjoe_overflow_alcove_1,
          minmay_temple_entry_arrows, nicolae_shop_i_like_big_books
D:5:      layout_rooms, uniq_blork_the_orc, uniq_pikel, uniq_prince_ribbit1

Skill      XL: |  1  2  3  4  5  6 |
---------------+-------------------+-----
Axes           | 4 5 6 |  6.8
Fighting       | 4 |  4.4
Armour         | 3 4 |  4.1
Shields        | 1 2 |  2.1
Dodging        | 3 |  3.1
Stealth        | |  0.2

Action                   |  1- 3 |  4- 6 || total
-------------------------+-------+-------++-------
Melee: Hand axe          |    81 |   108 ||   189
       Headbutt          |    12 |    19 ||    31
Armor: Scale mail        |    40 |    12 ||    52
       Animal skin       |     1 |       ||     1
       Chain mail        |       |    51 ||    51
Dodge: Dodged            |    51 |    25 ||    76
Block: Tower shield      |    25 |    77 ||   102
